AoeStats
← 放羊老汉

Lombardia

510008714Analyzed
4v4 RM · 3d ago on Sep 29, 2026· 44m 4s· 8 players
Game mode
Random Map
Map size
Large (8 player)
Population
200
Speed
Normal
Resources
Standard
Victory
Conquest
Starting age
Dark Age
Ending age
Imperial Age
RankedLock teamsTeams togetherTeam positionsShared explorationLock speedFull tech treeHidden civsTurbo modeCheats
Victory
Defeat
🇨🇳 Khmer · China
1250
+26
1246
+16
🇭🇰 Wei · Hong Kong SAR China
1240
+16
🇧🇩 Varangians · Bangladesh
1195
+19
🇺🇸 Franks · United States
1270
-17
🇺🇸 Danes · United States
1257
-17
🇺🇸 Varangians · United States
1248
-17
🇺🇸 Saxons · United States
1219
-16
战斗哇
10:26 Feudal Age
13:26 Castle Age
11:35 Double-Bit Axe
11:55 Horse Collar
15:32 Bow Saw
16:01 Heavy Plow
20:38 Wheelbarrow
22:38 Hand Cart
22:28 Loom
22:36 Town Watch
22:54 Gold Mining
22:55 Stone Mining
25:10 Gold Shaft Mining
28:39 Imperial Age
27:19 Stone Shaft Mining
27:13 Scale Barding Armor
27:19 Forging
28:21 Chain Barding Armor
28:37 Town Patrol
29:29 Iron Casting
29:52 Conscription
29:54 Bloodlines
29:44 Husbandry
29:04 Light Cavalry
29:26 Light Cavalry
31:19 Plate Barding Armor
30:12 Hussar
31:43 Crop Rotation
32:51 Blast Furnace
32:53 Fletching
34:48 Bodkin Arrow
35:15 Ballistics
35:55 Chemistry
34:46 Heated Shot
34:51 Murder Holes
35:06 Masonry
36:37 Hoardings
36:08 Bracer
37:19 Coinage
37:56 Masonry
38:05 Double Crossbow
43:22 Architecture
帝国时代2--叶枫
4:42 Loom
12:37 Feudal Age
13:14 Double-Bit Axe
13:37 Horse Collar
18:39 Castle Age
17:22 Stone Mining
18:24 Gold Mining
20:49 Heavy Plow
23:22 Wheelbarrow
25:07 Bow Saw
30:22 Imperial Age
28:29 Ballistics
28:19 Masonry
28:00 Fletching
28:46 Hand Cart
28:16 Town Watch
29:09 Gold Shaft Mining
30:11 Scale Barding Armor
30:46 Forging
30:50 Masonry
30:47 Paiks
31:48 Conscription
30:54 Elite Elephant Archer
31:48 Caravan
32:37 Crop Rotation
32:41 Town Patrol
34:40 Two-Man Saw
34:31 Mahayana
34:50 Chain Barding Armor
35:50 Guilds
36:49 Plate Barding Armor
36:50 Iron Casting
36:11 Bodkin Arrow
38:42 Blast Furnace
37:43 Padded Archer Armor
37:40 Heated Shot
38:53 Chemistry
38:44 Pikeman
39:26 Squires
39:35 Scale Mail Armor
39:37 Bracer
40:12 Coinage
42:04 Banking
Aeros
8:40 Loom
10:46 Feudal Age
14:44 Castle Age
13:49 Double-Bit Axe
13:46 Horse Collar
18:11 Bow Saw
23:10 Scale Mail Armor
28:18 Wheelbarrow
33:12 Imperial Age
31:47 Fortified Wall
33:23 Caravan
33:45 Elite Jarl
34:38 Forging
34:33 Scale Barding Armor
34:39 Forging
34:34 Scale Barding Armor
34:41 Bloodlines
34:31 Husbandry
35:59 Conscription
36:36 Iron Casting
37:02 Chain Barding Armor
39:01 Hand Cart
41:17 Blast Furnace
40:52 Plate Barding Armor
41:17 Blast Furnace
42:00 Fletching
放羊老汉
10:22 Feudal Age
10:47 Double-Bit Axe
10:56 Horse Collar
11:08 Gold Mining
11:23 Stone Mining
11:27 Loom
19:21 Castle Age
20:21 Bow Saw
20:13 Heavy Plow
21:15 Scale Barding Armor
21:20 Forging
22:30 Chain Barding Armor
24:05 Gold Shaft Mining
28:29 Stone Shaft Mining
28:05 Caravan
28:22 Town Watch
29:13 Wheelbarrow
31:31 Hand Cart
34:17 Imperial Age
31:49 Town Patrol
31:55 Husbandry
32:06 Bloodlines
32:46 Iron Casting
34:20 Heavy Hei Guang Cavalry
35:29 Ming Guang Armor
35:04 Tuntian
35:25 Conscription
37:15 Blast Furnace
IdleCylinder564
0:32 Loom
13:35 Feudal Age
14:55 Double-Bit Axe
18:00 Wheelbarrow
18:14 Horse Collar
21:24 Castle Age
20:20 Forging
20:11 Scale Mail Armor
23:08 Heavy Plow
23:21 Bow Saw
23:46 Hand Cart
24:16 Iron Casting
24:19 Gambesons
24:35 Squires
28:59 Chain Mail Armor
33:19 Pikeman
36:39 Imperial Age
36:48 Halberdier
38:04 Plate Mail Armor
SnakyPringle
7:14 Loom
10:29 Feudal Age
13:06 Double-Bit Axe
15:42 Castle Age
14:25 Horse Collar
20:03 Wheelbarrow
22:58 Bow Saw
23:16 Pikeman
25:05 Wheelbarrow
25:35 Stone Mining
25:37 Gold Mining
26:37 Heavy Plow
31:47 Imperial Age
29:32 Caravan
31:20 Ballistics
31:19 Scale Mail Armor
31:30 Forging
31:10 Fletching
31:52 Heavy Scorpion
32:33 Halberdier
34:27 Chemistry
33:41 Squires
34:32 Northmen's Fury
36:20 Siege Engineers
36:40 Chain Mail Armor
37:00 Iron Casting
36:19 Capped Ram
38:47 Conscription
39:09 Gold Shaft Mining
39:27 Masonry
40:36 Plate Mail Armor
TamerCaribou922
5:34 Loom
11:37 Feudal Age
15:31 Castle Age
14:08 Scale Barding Armor
15:21 Double-Bit Axe
24:40 Wheelbarrow
26:45 Bow Saw
28:20 Caravan
28:21 Gold Mining
32:56 Imperial Age
30:53 Treadmill Crane
31:51 Chain Barding Armor
31:42 Forging
31:43 Pikeman
32:25 Squires
34:18 Conscription
33:20 Cavalier
34:04 Husbandry
35:33 Plate Barding Armor
36:01 Paladin
PrinceFinnik
10:25 Feudal Age
12:30 Loom
14:46 Castle Age
12:41 Double-Bit Axe
15:15 Bloodlines
16:23 Scale Barding Armor
16:23 Husbandry
17:05 Horse Collar
19:12 Forging
20:11 Bow Saw
23:48 Wheelbarrow
24:18 Chain Barding Armor
26:06 Heavy Plow
29:31 Hand Cart
33:50 Imperial Age
33:17 Iron Casting
33:52 Caravan
34:07 Vendel Legacy
35:46 Plate Barding Armor
35:17 Fletching
35:21 Cavalier
38:25 Blast Furnace
39:05 Light Cavalry
40:13 Bodkin Arrow
Connection lost

Rejoining the realm…

Still unreachable

The connection could not be restored.

Session expired

The server has moved on; the page needs a fresh start.